Map: Coda LE (Void)

Players

Bop - Winner!

  • Race: Zerg Zerg

dreadlord

  • Race: Terran Terran

VOD

Have the link to the VOD?

Description

Time

  • Played on: May 2, 2015, 5:15 a.m.
  • Length: 8:52
Show
View Real Time Build Order
Export as new Build Order

Bop Zerg - Winner!

Build Orders: Hatch First 

Get SALT Encoding   

  12  0:01  Drone  
  13  0:13  Overlord  
  13  0:20  Drone  
  14  0:31  Drone x2  
  14  0:35  Drone  
  17  0:56  Hatchery, Drone  
  17  1:08  Drone, Extractor  
  17  1:18  Spawning Pool  
  17  1:23  Drone  
  17  1:24  Drone  
  18  1:38  Drone  
  19  2:05  Queen  
  19  2:06  Zergling x2  
  19  2:07  Queen  
  24  2:08  Zergling x2  
  24  2:11  Overlord  
  25  2:15  Metabolic Boost  
  25  2:29  Drone x2  
  26  2:41  Queen  
  26  2:42  Drone x4  
  32  2:47  Overlord  
  32  3:00  Drone x2  
  34  3:10  Drone x2  
  34  3:12  Queen  
  38  3:21  Drone x6  
  38  3:24  Overlord  
  44  3:36  Lair  
  44  3:39  Overlord  
  44  3:41  Extractor  
  44  3:44  Extractor  
  42  3:53  Drone x4  
  42  3:54  Drone x2, Overlord  
  48  3:56  Overlord  
  48  4:02  Drone  
  49  4:09  Drone x2  
  50  4:10  Baneling Nest  
  49  4:19  Drone  
  50  4:31  Drone x5  
  52  4:33  Extractor  
  52  4:34  Overseer  
  54  4:41  Spire  
  53  4:45  Zergling x2  
  53  4:46  Zergling x8  
  58  4:57  Overlord  
  58  5:00  Drone  
  58  5:03  Hatchery, Overlord  
  58  5:04  Overlord  
  58  5:08  Drone x2  
  58  5:09  Drone  
  58  5:13  Drone x2, Hydralisk Den  
  62  5:16  Zergling x4  
  64  5:25  Zergling x4  
  60  5:35  Zergling x2  
  60  5:36  Zergling x16  
  69  5:55  Mutalisk x2  
  72  6:05  Mutalisk x5  
  72  6:10  Overlord  
  79  6:23  Mutalisk x2  
  86  6:25  Drone x5  
  86  6:30  Overlord  
  86  6:31  Evolution Chamber  
  87  6:33  Evolution Chamber  
  87  6:35  Mutalisk  
  88  6:41  Drone x3  
  88  6:43  Extractor  
  88  6:46  Extractor  
  89  6:52  Drone x6  
  89  6:55  Overlord  
  89  6:59  Zergling x6  
  89  7:00  Zergling x4  
  88  7:10  Drone x6  
  90  7:31  Hydralisk  
  90  7:32  Hydralisk x5  
  102  7:55  Mutalisk  
  102  7:56  Mutalisk  
  106  7:58  Zergling x2  
  106  7:59  Zergling x16  
  106  8:02  Hatchery  
  114  8:06  Drone x5  
  114  8:10  Overlord x2  
  119  8:26  Overlord x3  
  119  8:27  Overlord  
  119  8:34  Infestation Pit  
  118  8:49  Extractor  
Show
View Real Time Build Order
Export as new Build Order

dreadlord Terran 

Build Orders: Siege Tank Drop 

Get SALT Encoding   

  12  0:02  SCV  
  13  0:14  SCV  
  14  0:18  Supply Depot  
  14  0:26  SCV  
  15  0:40  SCV  
  16  0:44  Barracks  
  16  0:47  Refinery  
  16  0:52  SCV  
  17  1:04  SCV  
  18  1:16  SCV  
  19  1:30  Orbital Command  
  19  1:32  Reaper  
  20  1:36  Supply Depot  
  20  1:56  SCV  
  21  2:04  Command Center  
  21  2:05  Barracks Reactor  
  21  2:08  SCV  
  22  2:17  Refinery  
  22  2:20  SCV  
  23  2:32  SCV  
  24  2:44  SCV, Marine x2  
  24  2:50  Factory  
  27  2:56  SCV  
  28  3:02  Marine x2  
  28  3:03  Supply Depot  
  30  3:08  SCV  
  31  3:18  Orbital Command  
  31  3:20  SCV, Bunker, Marine  
  31  3:23  Marine  
  34  3:33  SCV  
  35  3:35  Factory Tech Lab  
  35  3:38  Starport, Marine  
  35  3:41  Marine  
  37  3:44  Supply Depot, SCV  
  37  3:45  SCV  
  39  3:56  SCV, Siege Tank, Marine  
  39  3:57  SCV  
  45  4:08  SCV  
  45  4:09  SCV, Marine  
  48  4:14  Marine  
  49  4:20  Medivac  
  51  4:29  SCV x2, Marine  
  51  4:31  Siege Tank  
  56  4:35  Supply Depot x2  
  56  4:40  Supply Depot  
  56  4:41  SCV x2, Supply Depot  
  56  4:43  Marine  
  56  4:44  Supply Depot  
  59  4:50  Viking  
  61  4:53  SCV  
  62  5:02  SCV  
  62  5:03  Marine x2  
  65  5:10  SCV  
  66  5:15  SCV  
  66  5:20  Command Center, Marine  
  66  5:21  Marine  
  65  5:28  SCV x2  
  67  5:38  Marine x2  
  67  5:39  Siege Tank  
  67  5:40  SCV, Starport Tech Lab  
  67  5:41  SCV  
  74  5:43  Refinery x2  
  74  5:45  Supply Depot  
  74  5:46  Supply Depot  
  74  5:47  Supply Depot  
  74  5:52  SCV  
  74  5:53  SCV  
  74  5:56  Marine  
  77  6:12  SCV x2  
  77  6:18  Marine x2  
  75  6:23  Siege Tank  
  75  6:24  SCV x2  
  82  6:26  Missile Turret  
  82  6:28  Missile Turret  
  82  6:29  Missile Turret  
  82  6:32  Missile Turret  
  82  6:33  Orbital Command  
  82  6:34  Missile Turret  
  82  6:38  Marine x2  
  82  6:39  SCV x2  
  86  6:45  Banshee  
  86  6:51  SCV  
  81  6:55  Starport  
  81  6:56  Marine  
  81  6:57  Armory  
  81  6:59  Widow Mine  
  71  7:13  Missile Turret  
  64  7:17  SCV x2  
  64  7:19  Marine  
  64  7:21  SCV  
  64  7:24  Marine  
  64  7:25  Missile Turret  
  64  7:26  Missile Turret  
  64  7:29  Widow Mine  
  65  7:37  Marine  
  67  7:42  SCV, Marine  
  65  7:48  Raven  
  65  7:49  SCV x2  
  69  7:51  Viking  
  69  7:58  SCV, Marine  
  73  7:59  Missile Turret  
  73  8:01  SCV  
  72  8:05  Refinery  
  72  8:07  Refinery  
  78  8:14  Supply Depot  
  78  8:15  Command Center, SCV  
  78  8:16  Supply Depot  
  78  8:18  Missile Turret, Orbital Command  
  75  8:25  SCV  
  71  8:32  SCV  
Tags
 
Add a new tag
Caveats
  • Supply blocks, unpowered buildings, or Contaminate may cause inaccurate times.
  • Supply counts are checked every 10 seconds.